Arrhythmia, chaotic female vampiric Convict ----- --- ... .| ------- -..- -.|# ---------- |...|. |..| |.|# #.........| |...|. +..| .|.|# ###|........| ---|...||------|..-...|.|)######-.)).....| |.. ...|.|..|..|.-----|.|# ### ---------- ..--|--.|..|..|(%....|.|)## | | --|-.....-|--..|.|..@.|.|)%# |..-......[...).%--|-.|%.%@|.|# ### ----- --.-----|-......|....|.|# # |.+ .)|---|-------|.|# ### |.| |..| ..|#.|...|.|# # ------- |.---|..|.[..|..|...-..# ###|.....| | -- -----._{.----------.-----.|#########......| |...........|.....[)...........| |.....| -------------------------------- ------- Arrhythmia the Jail-bird Experience level: 8 Strength: 25 Dexterity: 14 Constitution: 20 Intelligence: 12 Wisdom: 8 Charisma: 9 Health: 0(84) Energy: 43(43) AC: 0 Gold: 0 Moves: 3100 Your Inventory: Armor v - an [uncursed] +0 pair of hard shoes of power [iron] (being worn) w - a [blessed] +2 dwarvish mithril-coat (being worn) Comestibles t - an [uncursed] yellow mold corpse Spells known in the end: Name Level Category Fail Memory Your skills at the end: Fighting Skills Weapon Skills sling [Basic / Skilled] Spellcasting Skills Final Attributes: You were piously aligned. Hunger level was 858. Your alignment was 25 / 25. Monster difficulty range was 1 - 7. Level difficulty was 6. You were immune to poison. You were immune to level-drain. You were immune to sickness. You could fly. You could survive without air. You regenerated. You were lucky (1). You are dead. Vanquished creatures: a wolf a panther a leprechaun 2 owlbears 2 dingos a housecat a snow ant a water nymph a mountain nymph a pony a fog cloud 2 violet fungi 4 gnome lords a kobold mummy a guardian naga hatchling a paper golem 2 wax golems 2 giant ants 2 little dogs 2 floating eyes 5 dwarves 2 rothes 2 rabid rats 4 orc zombies a wererat 2 iguanas 2 acid blobs 2 gas spores a hobbit a yellow mold 22 gnomes 7 garter snakes 2 geckos 8 jackals 3 kobolds 2 goblins 4 sewer rats 4 grid bugs a newt 105 creatures vanquished. Voluntary challenges: You went without food. You were illiterate. You never hit with a wielded weapon. You put on armor 7 times. You never genocided any monsters. You never polymorphed an object. You never changed form. You used no wishes. You abstained from Elbereth's help. You encountered 1 bones level. You never used any Sokoban shortcuts. Dungeon overview: The Dungeons of Doom: levels 1 to 4 Level 1 a fountain a long staircase Level 2 many fountains Level 3 a fountain stairs to The Gnomish Mines The Gnomish Mines: levels 4 to 6 Level 4 stairs to The Dungeons of Doom Level 7 <- You were here a general store, a temple to Tymora, a magic chest, a fountain, a sink History has recorded: On T:1 you entered the Dungeons of Doom to retrieve the Amulet of Yendor! On T:267 you advanced to experience level 2. On T:629 you reached level 2 of The Dungeons of Doom. On T:765 you advanced to experience level 3. On T:895 you reached level 3 of The Dungeons of Doom. On T:909 you advanced to experience level 4. On T:1237 you reached level 4 of The Dungeons of Doom. On T:1296 you reached level 1 of The Gnomish Mines. On T:1307 you advanced to experience level 5. On T:1371 you advanced to experience level 6. On T:1908 you reached level 2 of The Gnomish Mines. On T:1934 you advanced to experience level 7. On T:2848 you advanced to experience level 8. On T:2918 you reached level 3 of The Gnomish Mines. Latest messages: Your sacrifice is consumed in a burst of flame! You sense a conflict between Tymora and Grumbar. You feel the power of Tymora increase. The altar glows black. The priestess of Grumbar gets angry! The priestess of Grumbar wields a mace! The priestess of Grumbar kicks! The priestess of Grumbar casts a spell at you! You are frozen in place! [HP-2=82] The priestess of Grumbar swings her mace. The priestess of Grumbar hits! The priestess of Grumbar kicks! The priestess of Grumbar points at you, then curses. [HP-26=56] The priestess of Grumbar swings her mace. The priestess of Grumbar hits! The priestess of Grumbar kicks! The priestess of Grumbar casts a spell at you! [HP-40=16] The priestess of Grumbar swings her mace. The priestess of Grumbar hits! You die... Final status: Goodbye Arrhythmia the Convict... You died in The Gnomish Mines on dungeon level 6 with 5022 points, and 0 pieces of gold, after 3100 moves. You were level 8 with a maximum of 84 hit points when you died.